 Dungeon Crawl Stone Soup version 0.26.1-11-gd32895ea62 (webtiles) character file.

Game seed: 9508015336354826724

1953 IcyTea the Gusty (level 8, -5/63 HPs)
             Began as a Yellow Draconian Air Elementalist on Apr 15, 2021.
             Was an Initiate of Vehumet.
             Slain by an orc warrior
             ... wielding a +0 glaive
              (14 damage)
             ... on level 6 of the Dungeon.
             The game lasted 00:45:34 (6378 turns).

IcyTea the Gusty (DrAE)                             Turns: 6378, Time: 00:45:34

Health: -5/63      AC: 10    Str: 11    XL:     8   Next: 99%
Magic:  1/17       EV: 12    Int: 17    God:    Vehumet [......]
Gold:   52         SH:  0    Dex: 12    Spells: 2/19 levels left

rFire    . . .     SeeInvis .   w - +4 quarterstaff (chaos)
rCold    . . .     Faith    .   (shield currently unavailable)
rNeg     . . .     Spirit   .   (armour unavailable)
rPois    .         Reflect  .   y - +1 hat
rElec    .         Harm     .   x - +0 cloak
rCorr    +         Rampage  .   t - +0 pair of gloves
Will     +....                  i - +0 pair of boots
Stlth    ++........             o - amulet of regeneration
HPRegen  0.60/turn              d - ring of willpower
MPRegen  0.15/turn              c - ring of wizardry

@: no status effects
A: spit acid, unfitting armour, cold-blooded, acid resistance, AC +6
a: Breathe Acid, Renounce Religion


You were on level 6 of the Dungeon.
You worshipped Vehumet.
Vehumet was noncommittal.
You visited 2 branches of the dungeon, and saw 7 of its levels.

You collected 272 gold pieces.
You spent 220 gold pieces at shops.

Inventory:

Hand Weapons
 w - a +4 quarterstaff of chaos (weapon)
 z - a +1 short sword of flaming
 B - a +1 whip of electrocution
Missiles
 e - 23 sling bullets
 f - 34 poisoned darts (quivered)
Armour
 i - a +0 pair of boots (worn)
 t - a +0 pair of gloves (worn)
 x - a +0 cloak (worn)
 y - a +1 hat (worn)
Jewellery
 c - a ring of wizardry (right hand)
 d - a ring of willpower (left hand)
 n - a +6 ring of strength
 o - an amulet of regeneration (around neck)
Wands
 q - a wand of flame (37)
Scrolls
 a - a scroll of amnesia
 g - a scroll of fear {unknown}
 k - 2 scrolls of remove curse
 l - 2 scrolls of enchant armour {unknown}
 m - 8 scrolls of identify
 r - 2 scrolls of magic mapping
 u - a scroll of immolation {unknown}
 v - 3 scrolls of teleportation
 D - a scroll of enchant weapon {unknown}
Potions
 b - 3 potions of might
 h - a potion of invisibility {unknown}
 j - a potion of haste {unknown}
 p - a potion of lignification {unknown}
 s - a potion of berserk rage {unknown}
 A - a potion of flight
 C - a potion of ambrosia {unknown}


   Skills:
 - Level 3.0 Fighting
 - Level 1.7 Dodging
 - Level 1.7 Stealth
 - Level 6.1 Spellcasting
 - Level 6.0 Conjurations
 - Level 2.0 Translocations
 - Level 7.1 Air Magic
 + Level 1.1 Poison Magic


You had 2 spell levels left.
You knew the following spells:

 Your Spells              Type           Power        Failure   Level
a - Shock                 Conj/Air       100%         1%          1
b - Swiftness             Air            29%          1%          2
c - Lightning Bolt        Conj/Air       13%          10%         5
d - Airstrike             Air            14%          2%          4
e - Blink                 Tloc           N/A          3%          2
f - Mephitic Cloud        Conj/Pois/Air  21%          2%          3

Your spell library contained the following spells:

 Spells                   Type           Power        Failure   Level
 Magic Dart               Conj           100%         1%          1
 Call Imp                 Summ           5%           8%          2
 Slow                     Hex            5%           8%          2
 Static Discharge         Conj/Air       27%          1%          3
 Conjure Flame            Conj/Fire      15%          4%          3


Dungeon Overview and Level Annotations

Branches:
Dungeon (6/15)             Temple (1/1) D:6

Altars:
Ashenzari
Cheibriados
Dithmenos
Elyvilon
Fedhas
Gozag
Hepliaklqana
Kikubaaqudgha
Makhleb
Nemelex Xobeh
Okawaru
Qazlal
Ru
Sif Muna
Trog
Uskayaw
Vehumet
Wu Jian
Xom
Zin
The Shining One

Shops:
D:4 :


Innate Abilities, Weirdness & Mutations

You can spit globs of acid.
Your golden yellow scales are hard. (AC +6)
You cannot fit into any form of body armour.
You are cold-blooded and may be slowed by cold attacks.
You are resistant to acid. (rCorr)


Message History

Press: ? - help, Shift-Dir - straight line, f - white imp, p - orc warrior
Aim: a white imp (almost dead, 26% to evade)
The zap hits the orc warrior but does no damage.
The orc warrior is almost dead.
The zap misses the white imp.
The orc warrior hits you from afar with a +0 glaive.
You see here 14 stones.
Casting: Shock (safe; 1% risk of failure)
Confirm with . or Enter, or press ? or * to list all spells.
Aiming: Shock (safe; 1% risk of failure)
Press: ? - help, Shift-Dir - straight line, f/p - white imp
Aim: a white imp (severely wounded, 26% to evade)
The zap misses the orc warrior.
The zap hits the white imp.
You kill the white imp!
Vehumet accepts your kill.
The orc warrior hits you from afar with a +0 glaive!!
* * * LOW HITPOINT WARNING * * *
There is a stone staircase leading up here.
The orc warrior hits you from afar with a +0 glaive!
You die...

######.## ########.....#.######
######...................#####
#...†.o######.............<..#
...###..# #..###.##........# ...#
#o## #..# #.##.##.##..# .#.###.#
#..# #.##.##.##..###
.#.....#######..###.........=...#
.#)..#..........@#####.##.##.....
.#.#.#.#########.# #.##.##.....
.#.#.#.# #####o#####...(...#..#
.#.#.#.# #..(..........#####..#
.).#.#.# #.###.######..# #..#
...#.#.## #.# #.# #..# #..#
.(.#....####.###.## #..# #..#
#.o#....5o.5.##...# #..#####..#
#5.##...#######...# #.........#


You could see an orc warrior.

Vanquished Creatures
  Pikel (D:5)
  Menkaure (D:6)
  An orc warrior (D:6)
  An ice beast (D:6)
  A black bear (D:6)
  A phantom (D:4)
  2 ogres (D:5)
  2 lemures (D:5)
  Blork the orc (D:5)
  2 gnoll sergeants (D:6)
  2 wights (D:6)
  3 hounds
  Crazy Yiuf (D:4)
  An orc priest (D:4)
  2 orc wizards (D:6)
  Natasha (thrice) (D:4)
  2 iguanas
  3 worker ants
  A hound skeleton (D:3)
  A worker ant zombie (D:5)
  5 adders
  A white imp (D:6)
  An ufetubus (D:6)
  2 worms
  2 dart slugs
  5 leopard geckos
  12 orcs
  5 bats
  5 giant cockroaches
  14 goblins
  7 hobgoblins
  8 jackals (D:6)
  3 quokkas
  6 frilled lizards
  6 kobolds
  9 rats
123 creatures vanquished.

Notes
Turn   | Place    | Note
-------+----------+-------------------------------------------
     0 | D:1      | IcyTea the Draconian Air Elementalist began the quest for
                  | the Orb.
     0 | D:1      | Reached XP level 1. HP: 14/14 MP: 3/3
   172 | D:1      | Reached XP level 2. HP: 20/20 MP: 1/5
   178 | D:1      | Learned a level 2 spell: Swiftness
   503 | D:1      | Reached skill level 4 in Air Magic
   733 | D:2      | Reached XP level 3. HP: 23/26 MP: 3/6
   843 | D:2      | You fall into a shaft and drop 1 floor!
  1137 | D:3      | Noticed an ice beast
  1584 | D:2      | Reached XP level 4. HP: 33/33 MP: 3/7
  1673 | D:2      | Reached skill level 5 in Air Magic
  2538 | D:3      | Found a burning altar of Makhleb.
  2538 | D:3      | Noticed a cacodemon
  2541 | D:3      | Noticed a neqoxec
  2541 | D:3      | Noticed a smoke demon
  2674 | D:4      | Found Fouwnoeps's Book Shop.
  2756 | D:4      | Noticed a phantom
  3010 | D:4      | Noticed Natasha
  3024 | D:4      | Killed Natasha
  3025 | D:4      | Reached XP level 5. HP: 19/38 MP: 1/8
  3127 | D:4      | Noticed Natasha
  3141 | D:4      | Killed Natasha
  3157 | D:4      | Reached skill level 6 in Air Magic
  3255 | D:4      | Learned a level 5 spell: Lightning Bolt
  3391 | D:4      | Found a runed translucent door.
  3392 | D:4      | Noticed Crazy Yiuf
  3458 | D:4      | Paralysed by Crazy Yiuf for 2 turns
  3462 | D:4      | Killed Crazy Yiuf
  3598 | D:4      | Noticed Natasha
  3604 | D:4      | Killed Natasha
  3605 | D:4      | Reached XP level 6. HP: 41/45 MP: 3/10
  3721 | D:4      | Learned a level 4 spell: Airstrike
  4145 | D:5      | Entered Level 5 of the Dungeon
  4189 | D:5      | Noticed Pikel
  4212 | D:5      | Killed Pikel
  4213 | D:5      | Your scales start taking on a golden yellow colour.
  4213 | D:5      | Reached XP level 7. HP: 50/50 MP: 2/13
  4213 | D:5      | Gained mutation: You are resistant to acid. (rCorr) [Yellow
                  | Draconian growth]
  4430 | D:5      | Noticed Blork the orc
  4456 | D:5      | Reached XP level 8. HP: 45/61 MP: 7/14
  4459 | D:5      | Killed Blork the orc
  5220 | D:4      | Bought a book of Minor Magic for 220 gold pieces
  5223 | D:4      | Learned a level 2 spell: Blink
  5385 | D:6      | Reached skill level 7 in Air Magic
  5659 | D:6      | Reached skill level 5 in Spellcasting
  5814 | D:6      | Found a staircase to the Ecumenical Temple.
  5828 | Temple   | Entered the Ecumenical Temple
  5949 | Temple   | Became a worshipper of Vehumet
  6215 | D:6      | Noticed Menkaure
  6217 | D:6      | Killed Menkaure
  6222 | D:6      | Learned a level 3 spell: Mephitic Cloud
  6242 | D:6      | Reached skill level 1 in Poison Magic
  6378 | D:6      | Slain by an orc warrior

Illustrated notes

Levels and vault maps discovered:
D:1:      minmay_arrival_shoal_huts, layout_loops_ring, minivault_26,
          chequers_decorated_corner
D:2:      layout_loops_ring
D:3:      layout_basic, makhleb_altar_promises_db
D:4:      layout_loops_corners, serial_shops, nicolae_shop_waterfront,
          uniq_crazy_yiuf_cottage, uniq_natasha
D:5:      layout_loops_ring, minmay_crystal_room, minmay_misc_feat_roman,
          uniq_pikel, uniq_blork_the_orc
D:6:      layout_loops_ring, minmay_temple_entry_statues_fountains,
          grunt_decor_arrowhead, kennysheep_donut, sword_in_stone, uniq_menkaure
Temple:   minmay_crystal_snake_temple

Skill      XL: |  1  2  3  4  5  6  7  8 |
---------------+-------------------------+-----
Air Magic      | 4 5 6 7 |  7.1
Conjurations   | 2 6 |  6.0
Spellcasting   | 4 6 |  6.1
Fighting       | 2 3 |  3.0
Translocations | 2 |  2.0
Poison Magic   | 1 |  1.1
Dodging        | |  1.7
Stealth        | |  1.7

Action                   |  1- 3 |  4- 6 |  7- 9 || total
-------------------------+-------+-------+-------++-------
Melee: Mace              |    49 |       |       ||    49
       Tailslap          |     6 |     8 |     6 ||    20
       Falchion          |    13 |    74 |       ||    87
       Quarterstaff      |       |    12 |    73 ||    85
Throw: Dart              |    14 |    16 |     4 ||    34
 Cast: Shock             |    49 |    95 |    76 ||   220
       Swiftness         |     1 |       |       ||     1
       Lightning Bolt    |       |     1 |       ||     1
       Airstrike         |       |       |     9 ||     9
  Use: Scroll            |     1 |     3 |     3 ||     7
       Potion            |       |     3 |     1 ||     4
 Stab: Sleeping          |     3 |     2 |       ||     5
Armor: Skin              |    20 |    32 |    59 ||   111
Dodge: Dodged            |    50 |    83 |    67 ||   200
       Rpst.: Falchion   |     1 |    19 |       ||    20
